 Dungeon Crawl Stone Soup version 0.30-a0-702-gdf48620a09 (webtiles) character file.

Game seed: 3903285731737686543

1686071 ragingrage the Portalist (level 25, 227/227 HPs)
             Began as a White Draconian Warper on Jan 22, 2023.
             Was an Initiate of Yredelemnul.
             Escaped with the Orb
             ... and 3 runes!
             The game lasted 02:05:37 (66526 turns).

ragingrage the Portalist (White Draconian Warper)  Turns: 66526, Time: 02:05:37

Health: 227/227    AC: 22    Str: 15    XL:     25   Next: 92%
Magic:  37/37      EV: 22    Int: 16    God:    Yredelemnul [......]
Gold:   4061       SH:  0    Dex: 19    Spells: 24/44 levels left

rFire   + + .      SeeInvis +    N - +9 triple sword (heavy)
rCold   + + +      Faith    .    (shield currently unavailable)
rNeg    + + .      Spirit   .    (body armour unavailable)
rPois   +          Reflect  .    G - +2 hat {SInv}
rElec   +          Harm     .    v - +1 cloak of the Mackerel {rF- rC++ rN++}
rCorr   .          Rampage  .    Z - +2 pair of gloves
Will    ++...                    Q - +2 pair of boots
Stlth   ++                       P - amulet of Vitality {RegenMP++ Regen++}
HPRegen 2.17/turn                r - ring of Gerah {rPois rF++ Slay+5}
MPRegen 1.05/turn                H - ring "Daagou" {rElec rF+ Will+ Slay+2}

@: studying Throwing
A: breathe frost, AC +12, unfitting armour, cold resistance 2, cold-blooded,
deterioration 1
0: Orb of Zot
}: 3/15 runes: decaying, slimy, gossamer
a: Breathe Frost, Renounce Religion, Recall Undead Harvest


You escaped.
You worshipped Yredelemnul.
Yredelemnul was pleased with you.
You visited 11 branches of the dungeon, and saw 52 of its levels.
You visited 1 bazaar.
You also visited: Ossuary, Bailey, Gauntlet, Ice Cave and Desolation.

You collected 6991 gold pieces.
You spent 2930 gold pieces at shops.

Inventory:

Hand Weapons
 N - a +9 heavy triple sword (weapon)
Missiles
 i - 7 silver javelins
 n - 6 throwing nets
 u - 8 curare-tipped darts
Armour
 v - the +1 cloak of the Mackerel (worn) {rF- rC++ rN++}
   (You found it on level 3 of the Lair of Beasts)

   rF:        It makes you vulnerable to fire.
   rC:        It greatly protects you from cold.
   rN:        It greatly protects you from negative energy.
 G - a +2 hat of see invisible (worn)
 Q - a +2 pair of boots (worn)
 R - the +3 hat of Misanthropy {rC- rN+ Str+2 Dex+4}
   (You acquired it on level 2 of the Vaults)

   Str:       It affects your strength (+2).
   Dex:       It affects your dexterity (+4).
   rC:        It makes you vulnerable to cold.
   rN:        It protects you from negative energy.
 Z - a +2 pair of gloves (worn)
Jewellery
 r - the ring of Gerah (left hand) {rPois rF++ Slay+5}
   (You bought it in a shop on level 2 of the Orcish Mines)

   [ring of poison resistance]

   Slay:      It affects your accuracy & damage with ranged weapons and melee
   (+5).
   rF:        It greatly protects you from fire.
   rPois:     It protects you from poison.
 H - the ring "Daagou" (right hand) {rElec rF+ Will+ Slay+2}
   (You found it in the Desolation of Salt)

   [ring of protection from fire]

   Slay:      It affects your accuracy & damage with ranged weapons and melee
   (+2).
   rF:        It protects you from fire.
   rElec:     It insulates you from electricity.
   Will:      It increases your willpower.
 J - the ring of Vicul {Will+ AC+4 Dex+4}
   (You took it off a deep elf demonologist on level 3 of the Elven Halls)

   [ring of protection]

   AC:        It affects your AC (+4).
   Dex:       It affects your dexterity (+4).
   Will:      It increases your willpower.
 P - the amulet of Vitality (around neck) {RegenMP++ Regen++}
   (You found it in a Gauntlet)

   [amulet of magic regeneration]

   It increases your rate of magic regeneration.
   Regen:     It increases your rate of health regeneration.
Wands
 h - a wand of iceblast (42)
 t - a wand of mindburst (3)
 y - a wand of light (34)
 X - a wand of paralysis (34)
 Y - a wand of digging (9)
Scrolls
 a - 2 scrolls of brand weapon
 g - 20 scrolls of teleportation
 o - 5 scrolls of vulnerability
 w - 12 scrolls of fear
 z - a scroll of blinking
 A - 7 scrolls of fog
 B - 13 scrolls of immolation
 L - 8 scrolls of magic mapping
 T - 2 scrolls of enchant armour
 U - 3 scrolls of silence
 V - 12 scrolls of poison
Potions
 c - 2 potions of resistance
 d - 11 potions of lignification
 e - 8 potions of heal wounds
 f - 4 potions of berserk rage
 k - 27 potions of curing
 l - 5 potions of cancellation
 m - 4 potions of brilliance
 q - 9 potions of might
 s - 4 potions of magic
 C - 9 potions of invisibility
 D - 13 potions of attraction
 F - 4 potions of ambrosia
 I - 7 potions of haste
 K - 15 potions of mutation
 M - 4 potions of flight
Miscellaneous
 b - a phial of floods
 j - a box of beasts
 p - a lightning rod (4/4)
 x - a tin of tremorstones (2/2)
 O - a condenser vane
 S - a phantom mirror


   Skills:
 + Level 19.1 Fighting
 + Level 22.6 Long Blades
 - Level 0.8 Throwing
 - Level 15.0 Dodging
 - Level 15.0 Stealth
 - Level 8.1 Shields
 - Level 10.0 Spellcasting
 + Level 22.9 Translocations
 - Level 6.0 Air Magic
 - Level 15.0 Invocations
 - Level 16.0 Evocations


You had 24 spell levels left.
You knew the following spells:

 Your Spells              Type           Power      Damage    Failure   Level
a - Blink                 Tloc           100%       N/A       0%          2
b - Vhi's Electric Charg  Tloc/Air       100%       N/A       1%          3
c - Manifold Assault      Tloc           69%        N/A       0%          4
d - Passage of Golubria   Tloc           69%        N/A       0%          4
e - Dispersal             Tloc           34%        N/A       1%          6
f - Apportation           Tloc           100%       N/A       0%          1

Your spell library contained the following spells:

 Spells                   Type           Power      Damage    Failure   Level
 Lesser Beckoning         Tloc           100%       N/A       0%          2
 Gell's Gravitas          Tloc           69%        N/A       0%          3
 Teleport Other           Tloc           69%        N/A       0%          3
 Portal Projectile        Hex/Tloc       88%        N/A       1%          3
 Iskenderun's Mystic Bla  Conj/Tloc      44%        2d10      1%          4
 Swiftness                Air            27%        N/A       2%          3
 Disjunction              Tloc           34%        N/A       4%          8
 Airstrike                Air            13%        2d(2-18)  8%          4
 Beastly Appendage        Tmut           16%        N/A       9%          1
 Foxfire                  Conj/Fire      32%        2x1d5     9%          1
 Freeze                   Ice            32%        1d5       9%          1
 Kiss of Death            Conj/Necr      32%        2d7       9%          1
 Magic Dart               Conj           32%        1d4       9%          1
 Necrotise                Necr           32%        1d5       9%          1
 Sting                    Tmut/Pois      32%        1d4       9%          1
 Summon Small Mammal      Summ           32%        N/A       9%          1
 Mephitic Cloud           Conj/Pois/Air  14%        N/A       12%         3
 Call Imp                 Summ           8%         N/A       14%         2
 Ensorcelled Hibernation  Hex/Ice        16%        N/A       14%         2
 Passwall                 Tmut/Erth      6%         N/A       14%         2
 Sublimation of Blood     Necr           8%         N/A       14%         2
 Call Canine Familiar     Summ           8%         N/A       26%         3
 Confusing Touch          Hex            8%         N/A       26%         3
 Dazzling Flash           Conj/Hex       16%        N/A       26%         3
 Inner Flame              Hex/Fire       8%         N/A       26%         3
 Summon Guardian Golem    Hex/Summ       8%         N/A       26%         3
 Tukima's Dance           Hex            8%         N/A       26%         3
 Vampiric Draining        Necr           8%         2d6       26%         3
 Summon Lightning Spire   Summ/Air       17%        N/A       26%         4
 Malign Gateway           Summ/Tloc      22%        N/A       56%         7
 Arcjolt                  Conj/Air       8%         1d18      58%         5
 Lightning Bolt           Conj/Air       8%         1d21      58%         5
 Anguish                  Hex/Necr       4%         N/A       65%         4
 Dispel Undead            Necr           8%         3d8       65%         4
 Flame Wave               Conj/Fire      8%         2d5       65%         4
 Fulminant Prism          Conj/Hex       4%         3d5       65%         4
 Ice Form                 Ice/Tmut       8%         N/A       65%         4
 Leda's Liquefaction      Hex/Erth       4%         N/A       65%         4
 Olgreb's Toxic Radiance  Pois           8%         N/A       65%         4
 Petrify                  Tmut/Erth      8%         N/A       65%         4
 Sticky Flame             Conj/Fire      8%         2d3       65%         4
 Freezing Cloud           Conj/Ice/Air   7%         6-21      73%         5
 Agony                    Necr           8%         N/A       94%         5
 Blade Hands              Tmut           4%         N/A       94%         5
 Borgnjor's Vile Clutch   Necr/Erth      4%         N/A       94%         5
 Fireball                 Conj/Fire      4%         3d4       94%         5
 Irradiate                Conj/Tmut      4%         3d13      94%         5
 Iskenderun's Battlesphe  Conj           8%         2d6       94%         5
 Lee's Rapid Deconstruct  Erth           4%         3d5*      94%         5
 Metabolic Englaciation   Hex/Ice        4%         N/A       94%         5
 Summon Mana Viper        Hex/Summ       8%         N/A       94%         5
 Yara's Violent Unravell  Hex/Tmut       4%         3d4       94%         5
 Iron Shot                Conj/Erth      4%         9d2       100%        6
 Starburst                Conj/Fire      4%         6d3       100%        6
 Statue Form              Tmut/Erth      5%         N/A       100%        6
 Haunt                    Necr/Summ      4%         N/A       100%        7
 Orb of Destruction       Conj           4%         9d5       100%        7
 Ozocubu's Refrigeration  Ice            4%         4d8       100%        7
 Spellforged Servitor     Conj/Summ      4%         N/A       100%        7
 Storm Form               Tmut/Air       8%         N/A       100%        7
 Ignition                 Fire           4%         3d4       100%        8
 Infestation              Necr           4%         N/A       100%        8
 Lehudib's Crystal Spear  Conj/Erth      4%         10d3      100%        8
 Maxwell's Capacitive Co  Air            13%        ∞         100%        8
 Death's Door             Necr           4%         N/A       100%        9
 Polar Vortex             Ice            4%         N/A       100%        9
 Animate Armour           Summ/Erth      Unusable   N/A       N/A         4
 Animate Dead             Necr           Unusable   N/A       N/A         4
 Death Channel            Necr           Unusable   N/A       N/A         6
 Simulacrum               Ice/Necr       Unusable   N/A       N/A         6

Dungeon Overview and Level Annotations

Branches:
Dungeon (15/15)            Temple (1/1) D:7            Lair (5/5) D:8
  Swamp (4/4) Lair:2       Spider (4/4) Lair:3        Slime (5/5) Lair:5
    Orc (2/2) D:9             Elf (3/3) Orc:2        Vaults (4/5) D:13
  Crypt (0/3) Vaults:2     Depths (4/4) D:15            Zot (5/5) Depths:4
Ossuary (visited)          Bailey (visited)           IceCv (visited)
Desolation (visited)      Gauntlet (visited)

Altars:
Ashenzari
Cheibriados
Dithmenos
Elyvilon
Fedhas
Gozag
Hepliaklqana
Kikubaaqudgha
Makhleb
Nemelex Xobeh
Okawaru
Qazlal
Ru
Sif Muna
Trog
Uskayaw
Vehumet
Wu Jian
Xom
Yredelemnul
Zin
The Shining One
Jiyva
Lugonu

Shops:
D:1 [   D:7 :   D:11 =   Orc:2 [!(!=   Elf:2 *   Elf:3 (   Vaults:3 =
Vaults:4 [   Depths:1 =:=   Depths:2 *

Portals:
Hell: Depths:1 Depths:2 Depths:3 Depths:4
Abyss: Depths:1 Depths:3 Depths:4
Pandemonium: Orc:2 Depths:1 Depths:2 Depths:3 Depths:4
Ziggurat: Depths:2

Annotations:
D:4 3 runed translucent doors, croobank's ghost, amateur MeRe
D:6 1 runed translucent door, Crazy Yiuf
Lair:4 exclusion: 2 downstairs
Elf:1 2 transporters, flotson's ghost, adept DsDe
Zot:4 exclusion: 2 downstairs
Zot:5 4 transporters


Innate Abilities, Weirdness & Mutations

You can breathe waves of freezing cold which knock back foes.
Your icy white scales are hard. (AC +12)
You cannot fit into any form of body armour.
Your flesh is very cold resistant. (rC++)
You are cold-blooded and may be slowed by cold attacks.
Your body sometimes deteriorates upon taking damage.


Message History

You open the sun demon like a pillowcase!!!
You kill the sun demon!
(D) Dungeon (T) Temple (L) Lair (S) Swamp (N) Spider Nest (M) Slime Pits (O) Orcish Mines (E) Elven Halls (V) Vaults (C) Crypt (U) Depths (H) Hell (Z) Zot
Where to? (Enter - D:1 @ (x,y), ? - help)
What level of the Dungeon? (default 1, ? - help) Magic restored.
HP restored.
There is a stone staircase leading up here.
You climb upwards.
Your mindless puppet stays behind to rot.
There is a stone staircase leading down here.
A glowing orange brain comes into view.
There is a stone staircase leading up here.
You climb upwards.
There is a stone staircase leading down here.
Things that are here:
8 poisoned darts; a +0 short sword
Things that are here:
a +0 chain mail; a +0 dagger The gnoll barely misses you.
The gnoll completely misses you.
You closely miss the gnoll. The gnoll misses you.
You slice the gnoll!!
You kill the gnoll!
The dead are walking!
(D) Dungeon (T) Temple (L) Lair (S) Swamp (N) Spider Nest (M) Slime Pits (O) Orcish Mines (E) Elven Halls (V) Vaults (C) Crypt (U) Depths (H) Hell (Z) Zot
Where to? (Enter - D:2 @ (x,y), ? - help)
What level of the Dungeon? (default 1, ? - help)
There is a stone staircase leading up here.
You climb upwards.
Your mindless puppet stays behind to rot.
There is a stone staircase leading down here.
There is a staircase leading out of the dungeon here.
You have escaped!

.# #.################....... .#
#.................[..##.#
.############..........###......#
.........####.#..#####.# #....###
########.....###.### #.# #.......
#.#####~#.#~###.# #..#.### #.#
##~.~~~P~##.###..#.# #.#
#~.8.~P8P~#......#.#
#.####~..@.P~##....).#.###
######.#.##~P...♣~##.####.#....
#).......#~P8P.♣8♣~#.# #.#####
###>#..#...##~P...♣~##.# #.#
.......#...###~#.#~###.# #.#
###..#####...###.###...# #.#
#....#..#.........#### #.#
#.##.#.#..........# #.#
#.##...####....#### #.#


There were no monsters in sight!

Vanquished Creatures
  the Royal Jelly (Slime:5)
  2 ancient liches (Zot:5)
  8 orbs of fire (Zot:5)
  Bai Suzhen (Swamp:4)
  3 Killer Klowns (Zot:5)
  A curse toe (Zot:3)
  4 golden dragons
  Nikola (Swamp:2)
  A Brimstone Fiend (Depths:2)
  Arachne (Spider:3)
  A bone dragon (Depths:4)
  3 electric golems
  13 tentacled monstrosities
  Rupert (D:15)
  23 Orb Guardians
  Jorgrun (D:15)
  A walking earthen tome (Depths:2)
  5 quicksilver dragons
  2 deep elf blademasters (Elf:3)
  4 deep elf master archers
  19 acid blobs
  A sphinx (Vaults:4)
  5 death cobs
  Kirke (Swamp:4)
  13 rockslimes
  10 storm dragons
  5 shadow dragons
  A thorn hunter (Swamp:4)
  9 draconian knights
  3 draconian monks (Zot:1)
  3 vault wardens (Vaults:1)
  2 frost giants
  14 azure jellies
  7 fire giants
  An emperor scorpion (Spider:4)
  3 deep elf sorcerers (Elf:3)
  3 imperial myrmidons (Desolation)
  An iron dragon (Depths:4)
  4 draconian scorchers
  A cacodemon (Depths:2)
  4 ghost moths
  An angel (Vaults:4)
  7 draconian annihilators
  Louise (D:15)
  2 balrugs
  14 ironbound preservers
  Aizul (Spider:3)
  3 draconian stormcallers
  4 draconian shifters
  2 orc warlords
  3 deep elf elementalists (Elf:3)
  8 stone giants
  A quicksilver ooze (shapeshifter) (Vaults:3)
  2 war gargoyles
  5 ironbound thunderhulks
  11 quicksilver oozes
  2 reapers (Depths:1)
  4 broodmothers (Spider:4)
  12 very ugly things
  3 eleionomae
  2 vampire knights
  5 deep elf demonologists
  5 green draconians
  5 dire elephants
  5 black draconians
  4 deep elf annihilators (Elf:3)
  13 white draconians
  10 red draconians
  13 yellow draconians
  14 purple draconians
  2 spark wasps
  2 bunyips (Swamp:2)
  5 deep elf death magi
  2 crystal guardians (Desolation)
  2 merfolk javelineers
  8 ettins
  A green death (Swamp:4)
  Josephine (D:14)
  4 fire dragons
  A shambling mangrove (Swamp:3)
  12 great orbs of eyes
  2 merfolk impalers (Depths:3)
  2 blizzard demons
  5 deep elf high priests (Elf:3)
  2 entropy weavers
  7 ragged hierophants (Desolation)
  10 yaktaur captains
  A hell beast (Depths:1)
  10 hydras
  5 ice dragons
  27 centaur warriors
  3 spriggan air magi
  4 vault guards
  7 servants of whispers (Desolation)
  A caustic shrike simulacrum (Depths:3)
  7 ghost crabs
  Erica (D:11)
  A rakshasa (Depths:3)
  2 demonspawn (Orc:2)
  4 alligators
  2 catoblepae (Lair:5)
  9 peacekeepers
  2 tengu warriors
  4 ironbound frosthearts
  15 boulder beetles
  4 two-headed ogres
  19 dancing weapons
  A thrashing horror (Swamp:4)
  3 deep troll earth magi (Depths:3)
  3 hell hogs (Depths:1)
  6 spriggan berserkers
  3 orc high priests (Orc:2)
  5 deep troll shamans
  22 death yaks
  Urug (Lair:3)
  17 deep elf knights
  3 large abominations (Elf:1)
  12 hell knights
  3 soul eaters (Depths:1)
  7 sun demons
  7 iron trolls
  A titan skeleton (Depths:4)
  5 skeletal warriors
  A bunyip zombie (Swamp:4)
  2 sixfirhies
  A flayed ghost (Depths:2)
  3 pharaoh ants
  2 spriggan druids
  8 bog bodies
  A lindwurm (shapeshifter) (Depths:4)
  3 shadow demons
  11 deep elf archers
  4 wizards
  5 swamp dragons (Swamp:4)
  7 orb spiders
  3 harpies (Vaults:1)
  4 glowing orange brains
  6 lindwurms
  7 necromancers
  40 deep trolls
  18 ironbound convokers
  A spriggan simulacrum (Depths:4)
  9 orc knights
  21 deep elf zephyrmancers
  8 steelbarb worms
  20 deep elf pyromancers
  4 manticores
  8 orc sorcerers
  9 wolf spiders
  A fire giant zombie (Depths:3)
  A will-o-the-wisp (Swamp:3)
  An oklob plant (Lair:3)
  13 ugly things
  A salamander (D:15)
  8 cyclopes
  A worldbinder (Gauntlet)
  An iron dragon skeleton (Depths:4)
  3 shining eyes
  2 tengu skeletons
  28 moths of wrath
  5 elephants (Lair:5)
  Maurice (D:12)
  9 vault sentinels
  A black mamba (Lair:3)
  87 slime creatures
  3 rust devils
  A gargoyle (D:12)
  An ice statue (IceCv)
  6 demonic crawlers
  8 cane toads
  4 orange demons
  2 guardian serpents (Desolation)
  2 torpor snails
  3 eyes of devastation
  7 rime drakes
  17 yaktaurs
  4 komodo dragons
  An unseen horror (D:13)
  An ice devil (Depths:2)
  An efreet (D:14)
  A hydra zombie (Swamp:4)
  3 tengu conjurers
  5 trolls
  3 tyrant leeches
  16 tarantellas
  A bloated husk (Swamp:4)
  2 hellwings (Depths:3)
  A hornet (shapeshifter) (D:14)
  4 polar bears (IceCv)
  8 hornets
  Prince Ribbit (D:9)
  19 blink frogs
  An iron dragon simulacrum (Depths:4)
  2 dream sheep (Lair:5)
  56 saltlings (Desolation)
  24 jumping spiders
  4 air elementals
  A shadow (Swamp:4)
  2 ynoxinuls
  12 culicivoras
  9 spriggans
  2 vampires
  A wyvern (Lair:5)
  14 water elementals
  6 wraiths
  7 golden eyes
  A basilisk (Lair:1)
  2 hogs (Swamp:4)
  62 yaks
  4 fire elementals
  Grum (Bailey)
  54 redbacks
  21 vampire mosquitoes
  A steam dragon (D:9)
  A neqoxec (Orc:2)
  A glowing shapeshifter zombie (Depths:3)
  2 wargs
  2 acid dragons (D:13)
  12 water moccasins
  11 swamp worms
  A floating eye (Depths:1)
  25 orc warriors
  2 ice beasts
  A sky beast (D:8)
  A swamp dragon zombie (Swamp:4)
  3 black bears
  8 ogres
  11 boggarts
  8 centaurs
  24 wolves
  2 phantoms (D:4)
  An elf zombie (Elf:1)
  5 earth elementals
  5 kobold brigands
  11 bullfrogs
  A necrophage (D:5)
  2 scorpions
  A glowing shapeshifter simulacrum (Vaults:4)
  7 gnoll sergeants
  An ogre simulacrum (Vaults:4)
  4 wights (D:9)
  17 killer bees
  A swamp dragon simulacrum (Swamp:4)
  6 howler monkeys
  An electric eel (Lair:5)
  2 lava snakes (D:10)
  4 small abominations
  7 hounds
  A jelly (D:6)
  28 orc priests
  6 gnoll boudas
  2 iguanas (D:5)
  16 orc wizards
  4 hell rats
  A lightning spire (Zot:2)
  5 yak simulacra (Lair:2)
  3 wolf simulacra (Lair:2)
  A mummy (Ossuary)
  25 gnolls
  6 adders
  A shadow imp (D:8)
  4 white imps
  2 ufetubi
  2 worms
  51 orcs
  3 spectral bats (Ossuary)
  7 ball pythons
  9 endoplasms
  A giant cockroach (D:4)
  12 gnoll zombies (Ossuary)
  9 goblins
  11 hobgoblins
  5 jackals (D:5)
  15 kobolds
  6 quokkas
  3 bats
  7 frilled lizards
  3 goblin simulacra (Ossuary)
  4 goblin zombies (Ossuary)
  4 hobgoblin zombies (Ossuary)
  6 kobold simulacra (Ossuary)
  4 kobold zombies (Ossuary)
  6 orc zombies (Ossuary)
  5 rats
  5 rat simulacra (Ossuary)
  A river rat simulacrum (Lair:2)
  A spectral goblin (Ossuary)
  3 spectral kobolds (Ossuary)
  A spectral rat (Ossuary)
1905 creatures vanquished.

Vanquished Creatures (collateral kills)
  An orb of fire (Zot:5)
  2 Killer Klowns (Zot:5)
  Vv (Zot:4)
  A golden dragon (Zot:4)
  An electric golem (Zot:5)
  3 tentacled monstrosities
  4 Orb Guardians (Zot:5)
  A deep elf blademaster (Elf:3)
  2 quicksilver dragons
  A thorn hunter (Swamp:2)
  3 storm dragons
  2 death cobs
  2 rockslimes (Slime:5)
  Donald (Spider:1)
  Roxanne (D:14)
  2 draconian knights
  2 azure jellies
  2 emperor scorpions (Spider:4)
  An iron dragon (Depths:2)
  2 fire giants (Depths:3)
  2 frost giants
  4 vault wardens
  A ghost moth (Spider:4)
  2 draconian scorchers
  A ghoul (Vaults:2)
  An angel (Vaults:4)
  A draconian shifter (Zot:1)
  A deep elf elementalist (Elf:3)
  A very ugly thing (Vaults:1)
  2 broodmothers (Spider:4)
  4 ironbound preservers
  3 ironbound thunderhulks
  3 stone giants (Vaults:1)
  A war gargoyle (Vaults:4)
  A vampire knight (Depths:1)
  A green draconian (Zot:4)
  A red draconian (Zot:5)
  3 white draconians
  3 yellow draconians
  4 black draconians
  6 dire elephants
  A minotaur (Gauntlet)
  2 spark wasps
  A merfolk javelineer (Depths:3)
  A green death (Swamp:4)
  2 ettins
  A fire dragon (Depths:2)
  A crystal guardian (Vaults:4)
  An entropy weaver (Vaults:3)
  A deep elf death mage (Elf:3)
  2 deep elf high priests (Elf:3)
  2 ragged hierophants (Desolation)
  3 hydras
  2 yaktaur captains
  An ice dragon (Depths:3)
  2 vault guards
  3 great orbs of eyes
  2 peacekeepers
  2 ghost crabs
  2 radroaches (Spider:4)
  2 catoblepae
  An ironbound frostheart (Vaults:3)
  4 alligators
  2 boulder beetles
  5 dancing weapons
  10 death yaks
  A centaur warrior (Vaults:2)
  A two-headed ogre (D:12)
  3 deep troll earth magi
  A sun demon (Depths:1)
  4 deep elf knights (Elf:2)
  A hell knight (Depths:4)
  2 spriggan riders
  2 sun moths
  12 deep trolls
  A skeletal warrior (D:13)
  3 bog bodies
  2 swamp dragons (Swamp:4)
  A deep elf archer (Elf:3)
  3 lindwurms
  2 phantasmal warriors (Vaults:4)
  4 steelbarb worms
  3 orc knights
  4 necromancers
  An ironbound convoker (Vaults:3)
  4 deep elf pyromancers
  A deep elf zephyrmancer (Elf:2)
  2 cyclopes
  5 wolf spiders
  3 manticores (Lair:5)
  An oklob plant (Lair:3)
  An orc sorcerer (Orc:2)
  A guardian serpent (Desolation)
  5 ugly things
  2 will-o-the-wisps (Swamp:2)
  5 black mambas
  29 slime creatures
  5 moths of wrath
  14 elephants (Lair:5)
  4 vault sentinels
  2 demonic crawlers
  A smoke demon (Depths:1)
  4 cane toads
  A freezing wraith (D:14)
  A komodo dragon (Lair:5)
  8 yaktaurs
  3 rime drakes
  An ice devil (Orc:2)
  A tengu conjurer (Depths:1)
  A polar bear (Lair:4)
  3 saltlings (Desolation)
  4 hornets
  A tyrant leech (Swamp:3)
  2 dream sheep (Lair:5)
  3 tarantellas
  An alligator zombie (Swamp:4)
  13 blink frogs
  A boulder beetle zombie (D:13)
  3 jumping spiders
  10 culicivoras
  5 spriggans
  A wraith (D:10)
  21 yaks
  A wyvern (Lair:5)
  A chaos spawn (Orc:2)
  8 redbacks
  4 vampire mosquitoes
  A warg (Orc:1)
  3 swamp worms
  A small abomination (Depths:4)
  A floating eye (Depths:4)
  A water moccasin (Lair:1)
  10 orc warriors
  2 swamp dragon zombies (Swamp:4)
  3 ogres
  A centaur (D:12)
  4 wolves
  3 elf zombies
  A kobold brigand (D:9)
  5 bullfrogs
  A glowing shapeshifter simulacrum (Depths:4)
  2 gnoll sergeants (Bailey)
  A wight (D:9)
  4 killer bees
  A howler monkey (D:10)
  A gnoll bouda (Bailey)
  An orc priest (Orc:2)
  4 orc wizards
  2 hell rats (Lair:5)
  A wolf simulacrum (Lair:2)
  4 gnolls
  15 orcs
  An orc zombie (Orc:2)
  A river rat simulacrum (Lair:2)
450 creatures vanquished.

Vanquished Creatures (others)
  A death cob (Zot:2)
  A draconian knight (Zot:3)
  A jelly zombie (Slime:5)
  2 spectral tentacled monstrosities
  3 Killer Klown zombies (Zot:5)
  2 spectral draconians
  A green draconian (Zot:3)
  A rockslime zombie (Slime:2)
  A spectral elf (Elf:3)
  A spectral human (Slime:5)
  3 acid blob zombies
  3 quicksilver dragon zombies
  9 Orb Guardian zombies (Zot:5)
  A spectral catoblepas (Elf:3)
  2 quicksilver ooze zombies
  3 storm dragon zombies
  A spark wasp zombie (Spider:4)
  A spectral deep troll (Depths:3)
  A ghost moth zombie (Zot:5)
  A shadow dragon zombie (Zot:1)
  An ugly thing zombie (D:14)
  A broodmother zombie (Spider:4)
  10 draconian zombies
  5 wolf spider zombies
  2 fire giant zombies (Depths:3)
  A stone giant zombie (Vaults:1)
  A moth of wrath (Zot:5)
  2 hell hog zombies (Depths:1)
  A frost giant zombie (Depths:1)
  8 centaur zombies
  A spectral soul eater (Depths:1)
  A dire elephant zombie (Vaults:1)
  5 white draconian zombies
  4 purple draconian zombies
  4 black draconian zombies
  4 yellow draconian zombies
  An iron troll zombie (Depths:3)
  2 death yak zombies
  2 swamp worm zombies
  4 red draconian zombies
  A spectral sun demon (Depths:1)
  An orb spider zombie (Spider:4)
  A steelbarb worm zombie (Spider:4)
  2 hydra zombies
  A spectral glowing orange brain (Depths:3)
  6 redback zombies
  2 harpy zombies (Vaults:1)
  A bloated husk (Swamp:3)
  10 moth of wrath zombies
  2 alligator zombies
  2 merfolk zombies (Depths:3)
  2 ettin zombies
  4 great orb of eyes zombies
  A fire dragon zombie (Depths:4)
  2 culicivora zombies
  An ice dragon zombie (Depths:3)
  2 jumping spider zombies (Spider:4)
  4 tarantella zombies
  15 slime creature zombies
  A black mamba zombie (Lair:5)
  A spectral orange demon (Swamp:4)
  A tyrant leech zombie (Swamp:4)
  A human (Swamp:4)
  A water elemental (Elf:3)
  2 two-headed ogre zombies
  27 human zombies
  9 deep troll zombies
  3 cane toad zombies
  A spectral golden eye (Slime:3)
  2 lindwurm zombies
  2 spectral eyes of devastation
  A swamp dragon zombie (Swamp:4)
  5 hornet zombies
  5 elephant zombies (Lair:5)
  2 blink frog zombies
  A ghost crab zombie (Depths:4)
  33 elf zombies
  A hog zombie (Swamp:4)
  8 vampire mosquito zombies
  A komodo dragon zombie (Lair:2)
  4 yaktaur zombies
  A cyclops zombie (D:12)
  4 water moccasin zombies
  6 spriggan zombies
  12 yak zombies
  A troll zombie (D:9)
  8 wolf zombies
  4 bullfrog zombies
  2 boggart zombies (Vaults:3)
  7 killer bee zombies (D:10)
  An acid dragon zombie (D:13)
  3 ogre zombies (D:9)
  2 hound zombies (Bailey)
  A howler monkey zombie (D:13)
  A steam dragon zombie (D:9)
  A spectral shadow imp (D:8)
  A spectral white imp (Gauntlet)
  12 gnoll zombies
  3 kobold zombies
  35 orc zombies
  A bush (Lair:5)
  12 foxfires (Swamp:2)
  51 fungi
  171 plants
  4 toadstools (D:1)
  3 withered plants
618 creatures vanquished.

Grand Total: 2973 creatures vanquished

Notes
Turn   | Place    | Note
-------+----------+-------------------------------------------
     0 | D:1      | ragingrage the Draconian Warper began the quest for the
                  | Orb.
     0 | D:1      | Reached XP level 1. HP: 17/17 MP: 3/3
    50 | D:1      | Found Duveogek's Antique Armour Boutique.
   262 | D:1      | Reached XP level 2. HP: 24/24 MP: 5/5
   416 | D:1      | Learned a level 2 spell: Blink
  1277 | D:2      | Reached XP level 3. HP: 28/29 MP: 6/6
  1671 | D:3      | Noticed a scorpion
  2759 | D:3      | Reached XP level 4. HP: 14/36 MP: 7/7
  2874 | D:3      | Killed a scorpion
  2875 | D:3      | Reached skill level 5 in Long Blades
  2875 | D:3      | Reached skill level 1 in Stealth
  2875 | D:3      | Reached XP level 5. HP: 34/42 MP: 8/8
  3050 | D:3      | Found a shimmering blue altar of Sif Muna.
  3261 | D:4      | Noticed a phantom
  3266 | D:4      | Noticed a phantom
  3286 | D:4      | Identified a scroll of acquirement
  3286 | D:4      | Acquired a +1 demon blade of electrocution
  3374 | D:4      | Noticed an ice beast
  3375 | D:4      | Noticed croobank's ghost (amateur MeRe)
  3678 | D:4      | Found a broken altar of Ashenzari.
  4069 | D:4      | Reached XP level 6. HP: 50/50 MP: 9/9
  4395 | D:4      | Found a runed translucent gate.
  4395 | D:4      | Found a runed translucent gate.
  4396 | D:4      | Found a runed translucent gate.
  4692 | D:4      | Your scales start taking on an icy white colour.
  4692 | D:4      | Reached XP level 7. HP: 56/56 MP: 10/10
  4692 | D:4      | Gained mutation: Your flesh is cold resistant. (rC+) [White
                  | Draconian growth]
  5105 | D:5      | Entered Level 5 of the Dungeon
  5118 | D:5      | Found a burning altar of Makhleb.
  6179 | D:6      | Reached XP level 8. HP: 62/62 MP: 11/11
  6236 | D:6      | Acquired the amulet "Kaedol" {Reflect rPois Will- Regen+
                  | SH+5}
  6276 | D:6      | Found a sand-covered staircase.
  6286 | Ossuary  | Entered an ossuary
  6725 | D:6      | Reached skill level 10 in Long Blades
  6907 | D:6      | Found a runed translucent door.
  6908 | D:6      | Noticed Crazy Yiuf
  7433 | D:7      | Found a shimmering altar of Xom.
  7433 | D:7      | Found a sacrificial altar of Ru.
  7434 | D:7      | Found a radiant altar of Vehumet.
  7434 | D:7      | Found a white marble altar of Elyvilon.
  7509 | D:7      | Learned a level 3 spell: Vhi's Electric Charge
  7514 | D:7      | Learned a level 4 spell: Manifold Assault
  7652 | D:7      | Found an ancient bone altar of Kikubaaqudgha.
  7755 | D:7      | Found a staircase to the Ecumenical Temple.
  7805 | Temple   | Entered the Ecumenical Temple
  7961 | Temple   | Became a worshipper of Yredelemnul the Dark
  8033 | D:7      | Found an opulent altar of Gozag.
  8077 | D:7      | Found Orchytogu's Book Boutique.
  8255 | D:7      | Reached * piety under Yredelemnul
  8606 | D:8      | Found a glowing golden altar of the Shining One.
  8617 | D:8      | Found a shadowy altar of Dithmenos.
  8866 | D:8      | Found a staircase to the Lair.
  8873 | D:8      | Identified the amulet "Moneji" {Acrobat -Tele *Slow rC+++
                  | rCorr}
  8922 | D:8      | Reached XP level 9. HP: 68/68 MP: 12/12
  8943 | D:8      | Reached ** piety under Yredelemnul
  8956 | D:8      | Reached *** piety under Yredelemnul
  9372 | D:8      | Found a hide-covered altar of Uskayaw.
  9422 | D:8      | Reached **** piety under Yredelemnul
  9811 | D:9      | Found a flagged portal.
  9864 | D:9      | Noticed a two-headed ogre
  9882 | D:9      | Killed a two-headed ogre
  9883 | D:9      | Reached XP level 10. HP: 69/74 MP: 13/13
  9890 | Bailey   | Entered a bailey
  9942 | Bailey   | Reached skill level 5 in Translocations
 10076 | Bailey   | Noticed Grum
 10093 | Bailey   | Identified the amulet of Laurogew {RegenMP rC+ Regen+}
 10098 | Bailey   | Killed Grum
 10102 | Bailey   | Identified the +6 halberd of Entrepreneurial Spirit {flame,
                  | Drain rCorr Stlth+}
 10633 | D:9      | Noticed Prince Ribbit
 10646 | D:9      | Killed Prince Ribbit
 10758 | D:9      | Found a staircase to the Orcish Mines.
 10796 | D:9      | Reached skill level 5 in Stealth
 10943 | D:9      | Noticed a two-headed ogre
 10952 | D:9      | Killed a two-headed ogre
 10953 | D:9      | Reached XP level 11. HP: 48/82 MP: 14/14
 11027 | D:10     | Entered Level 10 of the Dungeon
 11027 | D:10     | Found a hazy altar of Hepliaklqana.
 11637 | D:10     | Noticed a lindwurm
 11643 | D:10     | Noticed a lindwurm
 11758 | D:10     | Found a runed translucent door.
 11793 | D:10     | Reached ***** piety under Yredelemnul
 11836 | D:10     | Reached ****** piety under Yredelemnul
 11973 | D:10     | Reached skill level 5 in Fighting
 12084 | D:10     | Noticed a lindwurm
 12144 | D:11     | Reached skill level 1 in Invocations
 12438 | D:11     | Found Looff's One-of-a-Kind Rings.
 12457 | D:11     | Bought the ring "Kaetsuhai" {rElec Will+ MP+9 Str-3 Int+2}
                  | for 525 gold pieces
 12606 | D:11     | Noticed Erica
 12693 | D:11     | Killed Erica
 12694 | D:11     | Reached skill level 10 in Translocations
 13333 | D:12     | Reached XP level 12. HP: 96/96 MP: 5/18
 13496 | D:12     | Reached skill level 5 in Dodging
 13788 | D:12     | Noticed a two-headed ogre
 13796 | D:12     | Killed a two-headed ogre
 13797 | D:12     | Reached skill level 5 in Spellcasting
 14008 | D:12     | Noticed Maurice
 14013 | D:12     | Killed Maurice
 14033 | D:12     | Noticed a two-headed ogre
 14040 | D:12     | Killed a two-headed ogre
 14251 | D:12     | Noticed Nessos
 14252 | D:12     | Nessos changed into Nessos the black bear
 14252 | D:12     | Noticed Nessos
 14259 | D:12     | Killed Nessos the black bear
 14348 | D:12     | Noticed a centaur warrior
 14361 | D:12     | Killed a centaur warrior
 14362 | D:12     | Reached skill level 5 in Invocations
 16111 | Lair:1   | Entered Level 1 of the Lair of Beasts
 16841 | Lair:1   | Noticed a catoblepas
 16848 | Lair:1   | Killed a catoblepas
 16849 | Lair:1   | Reached XP level 13. HP: 111/111 MP: 20/20
 17341 | Lair:2   | Identified the +10 flail of Akhasus {heavy, *Slow rF+ rN+
                  | Dex+3}
 17751 | Lair:2   | Found a staircase to the Swamp.
 18406 | Lair:2   | Reached skill level 10 in Fighting
 18984 | Lair:3   | Found a hole to the Spider Nest.
 19026 | Lair:3   | Reached skill level 10 in Invocations
 19101 | Lair:3   | Found a gate leading to a gauntlet.
 19118 | Gauntlet | Entered a Gauntlet
 19118 | Gauntlet | Found a transporter.
 19118 | Gauntlet | Found a transporter.
 19122 | Gauntlet | Found a transporter.
 19122 | Gauntlet | Found a transporter.
 19133 | Gauntlet | Found a transporter.
 19135 | Gauntlet | Noticed a quicksilver ooze
 19140 | Gauntlet | Found a transporter.
 19150 | Gauntlet | Found a transporter.
 19150 | Gauntlet | Found a transporter.
 19153 | Gauntlet | Found a transporter.
 19180 | Gauntlet | Found a transporter.
 19211 | Gauntlet | Found a transporter.
 19257 | Gauntlet | Found a transporter.
 19271 | Gauntlet | Found a transporter.
 19284 | Gauntlet | Found a transporter.
 19376 | Gauntlet | Found a transporter.
 19391 | Gauntlet | Found the amulet of Vitality {RegenMP++ Regen++}
 19391 | Gauntlet | Noticed a blizzard demon
 19396 | Gauntlet | Found a transporter.
 19606 | Gauntlet | Killed a blizzard demon
 19607 | Gauntlet | Reached skill level 10 in Dodging
 19614 | Gauntlet | Identified the ring "Munaf" {Will- Str+5 Int+6 Dex+5}
 19651 | Gauntlet | Reached skill level 1 in Evocations
 19663 | Gauntlet | Identified the +1 helmet of the Crypt {Rampage rElec rF-
                  | Int+9}
 19679 | Gauntlet | Noticed a minotaur
 19691 | Gauntlet | Killed a minotaur
 19704 | Gauntlet | Identified the +5 quarterstaff of Focus {antimagic, Fragile
                  | rN+ Will++}
 19865 | Lair:3   | Noticed Urug
 19877 | Lair:3   | Killed Urug
 19878 | Lair:3   | Reached XP level 14. HP: 117/122 MP: 2/21
 20529 | Lair:3   | Identified the +1 cloak of the Mackerel {rF- rC++ rN++}
 21645 | Lair:5   | Entered Level 5 of the Lair of Beasts
 21656 | Lair:5   | Found a viscous altar of Jiyva.
 21752 | Lair:5   | Reached skill level 5 in Evocations
 21807 | Lair:5   | Found a staircase to the Slime Pits.
 22328 | Lair:5   | Reached XP level 15. HP: 134/134 MP: 12/24
 23495 | D:10     | Found a runed translucent gate.
 23495 | D:10     | Found a runed translucent gate.
 23495 | D:10     | Found a runed translucent gate.
 23495 | D:10     | Found a runed translucent gate.
 23495 | D:10     | Found a runed translucent gate.
 23495 | D:10     | Found a runed translucent gate.
 23513 | D:10     | Reached skill level 1 in Air Magic
 23948 | D:13     | Found a gate to the Vaults.
 24797 | D:14     | Noticed Josephine
 24820 | D:14     | Killed Josephine
 24948 | D:14     | Learned a level 4 spell: Passage of Golubria
 24955 | D:14     | Learned a level 6 spell: Dispersal
 24957 | D:14     | Identified Roxanne's Exposition on Moulding
 24957 | D:14     | Noticed Roxanne
 25109 | D:14     | Killed Roxanne
 25537 | Orc:1    | Entered Level 1 of the Orcish Mines
 25733 | Orc:2    | Entered Level 2 of the Orcish Mines
 25750 | Orc:2    | Found Leps's Antique Armour Emporium.
 25819 | Orc:2    | Found a frozen archway.
 25851 | IceCv    | Entered an ice cave
 25858 | IceCv    | Reached XP level 16. HP: 142/145 MP: 14/26
 26284 | IceCv    | Got the Information on Refrigeration
 26649 | Orc:2    | Found a staircase to the Elven Halls.
 26858 | Orc:2    | Found Orphuneto's Distillery.
 26859 | Orc:2    | Found Buev's Distillery.
 26896 | Orc:2    | Bought a potion of heal wounds for 90 gold pieces
 26896 | Orc:2    | Bought a potion of heal wounds for 90 gold pieces
 26898 | Orc:2    | Bought a potion of haste for 140 gold pieces
 26898 | Orc:2    | Bought a potion of might for 56 gold pieces
 27253 | Orc:2    | Found Fohuroru's Jewellery Boutique.
 27253 | Orc:2    | Found Cesy's Antique Weapon Shop.
 27254 | Orc:2    | Found a one-way gate leading to the halls of Pandemonium.
 27256 | Orc:2    | Bought the ring of Gerah {rPois rF++ Slay+5} for 720 gold
                  | pieces
 28326 | Swamp:1  | Entered Level 1 of the Swamp
 28928 | Swamp:2  | You fall into a shaft and drop 1 floor!
 29639 | Swamp:2  | Noticed a thorn hunter
 29652 | Swamp:2  | Killed a thorn hunter
 29737 | Swamp:2  | Noticed Nikola
 29770 | Swamp:2  | Killed Nikola
 29771 | Swamp:2  | Reached XP level 17. HP: 88/154 MP: 28/28
 29973 | Swamp:2  | Identified the +0 robe "Muar Hink" {Int+2}
 30143 | Swamp:4  | Entered Level 4 of the Swamp
 30302 | Swamp:4  | Noticed Kirke
 30314 | Swamp:4  | Killed Kirke
 30373 | Swamp:4  | Noticed Bai Suzhen
 30376 | Swamp:4  | Reached skill level 15 in Invocations
 30396 | Swamp:4  | Killed Bai Suzhen
 30397 | Swamp:4  | Reached skill level 15 in Fighting
 31007 | Swamp:4  | Noticed a tentacled monstrosity
 31018 | Swamp:4  | Killed a tentacled monstrosity
 31226 | Swamp:4  | Got a decaying rune of Zot
 31652 | Spider:1 | Entered Level 1 of the Spider Nest
 31968 | Spider:1 | You fall into a shaft and drop 1 floor!
 32453 | Spider:1 | Noticed Donald
 32469 | Spider:1 | Killed Donald
 32995 | Spider:2 | Reached skill level 1 in Shields
 33521 | Spider:2 | Identified the +3 long sword of Earthquakes {heavy, rPois
                  | rC++ Str-3}
 33841 | Spider:3 | Noticed Arachne
 33847 | Spider:3 | Reached XP level 18. HP: 163/163 MP: 29/29
 33857 | Spider:3 | Killed Arachne
 33985 | Spider:3 | Noticed Aizul
 33994 | Spider:3 | Killed Aizul
 34080 | Spider:3 | Acquired the +9 double sword "Ritis" {freeze, Fragile rCorr
                  | Stlth+}
 34518 | Spider:4 | Entered Level 4 of the Spider Nest
 35308 | Spider:4 | Identified the +0 pair of boots of Hubris {rPois}
 35318 | Spider:4 | Got a gossamer rune of Zot
 36478 | D:15     | Entered Level 15 of the Dungeon
 36582 | D:15     | Identified the +5 hand axe "Geranag" {drain, Str+4}
 36597 | D:15     | Noticed Rupert
 36601 | D:15     | Killed Rupert
 36725 | D:15     | Reached skill level 15 in Long Blades
 36857 | D:15     | Found a staircase to the Depths.
 36890 | D:15     | Noticed Jorgrun
 36898 | D:15     | Killed Jorgrun
 36900 | D:15     | Noticed Louise
 36912 | D:15     | Killed Louise
 37000 | D:15     | Reached skill level 5 in Shields
 37303 | Elf:1    | Entered Level 1 of the Elven Halls
 37412 | Elf:1    | Paralysed by an air elemental for 1 turns
 37577 | Elf:1    | Noticed flotson's ghost (adept DsDe)
 37586 | Elf:1    | Found a transporter.
 37811 | Elf:1    | Got the Handbook of Levity
 37942 | Elf:1    | Found a transporter.
 38355 | Elf:2    | Reached XP level 19. HP: 121/170 MP: 19/31
 38996 | Elf:2    | Reached skill level 15 in Translocations
 39152 | Elf:2    | Found Gucy's Assorted Antiques.
 39164 | Elf:2    | Bought a scroll of teleportation for 93 gold pieces
 39164 | Elf:2    | Bought a potion of curing for 93 gold pieces
 39339 | Elf:2    | Found a runed translucent gate.
 39340 | Elf:2    | Found a runed translucent gate.
 39340 | Elf:2    | Found a runed translucent gate.
 39825 | Elf:3    | Entered Level 3 of the Elven Halls
 40166 | Elf:3    | Found Zesaurha's Antique Weapon Boutique.
 40784 | Elf:3    | Found a stormy altar of Qazlal.
 40792 | Elf:3    | Paralysed by an air elemental for 1 turns
 41078 | Elf:3    | Identified the +3 mace of Dismay {drain, *Noise rC- rCorr
                  | Str+8}
 41078 | Elf:3    | Identified the ring of Vicul {Will+ AC+4 Dex+4}
 41156 | Elf:3    | Identified the +5 hand axe "Pouqak" {freeze, rF+}
 41161 | Elf:3    | Identified the +3 leather armour "Wotrum" {rC+ Str-5 Int+3}
 41161 | Elf:3    | Identified the ring "Anazuh" {rElec rPois rCorr Dex-4}
 41162 | Elf:3    | Noticed a Brimstone Fiend
 41166 | Elf:3    | Identified the ring "Iseih" {Fly MP+9 Int-3 Dex+2}
 41168 | Elf:3    | Reached skill level 10 in Stealth
 41192 | Elf:3    | Identified the +1 morningstar of the Eleven Songs {heavy,
                  | *Slow Int+6}
 41192 | Elf:3    | Identified the +1 buckler of Incorporation {Rampage +Inv
                  | rPois}
 41593 | Elf:3    | Identified the +1 scale mail of Jubuwaov {Will+}
 41645 | Elf:3    | Identified the amulet of Osuliz {Spirit Int+4}
 41738 | Elf:3    | Got the Vademecum on the Vector and Amathomancy
 42193 | Vaults:1 | Entered Level 1 of the Vaults
 42249 | Vaults:1 | Reached XP level 20. HP: 169/178 MP: 14/32
 42259 | Vaults:1 | Reached skill level 15 in Dodging
 43342 | Vaults:1 | Noticed Zenata
 43627 | Vaults:1 | Reached skill level 10 in Evocations
 43659 | Vaults:1 | Killed Zenata
 43659 | Vaults:1 | Enslaved Zenata
 44075 | Vaults:2 | Learned a level 1 spell: Apportation
 44113 | Vaults:2 | Acquired the +3 hat of Misanthropy {rC- rN+ Str+2 Dex+4}
 45103 | Vaults:2 | Found a staircase to the Crypt.
 45612 | Vaults:3 | Reached XP level 21. HP: 179/184 MP: 24/33
 45681 | Vaults:3 | Found Hes Tous's Jewellery Shoppe.
 46681 | Vaults:4 | Found Gait's Armour Emporium.
 46722 | Vaults:4 | Found a glowing silver altar of Zin.
 46722 | Vaults:4 | Found a glowing golden altar of the Shining One.
 46733 | Vaults:4 | Found a white marble altar of Elyvilon.
 46734 | Vaults:4 | Found a crumbling gateway.
 46816 | Desolati | Entered the Desolation of Salt
 46895 | Desolati | Identified the +1 leather armour of Fiazigg {Int+5}
 46902 | Desolati | Got the Codex of Corpses
 46917 | Desolati | Got Sif Muna's Enchiridion on Spellbinding
 46986 | Desolati | Identified the +7 sling "Eggejet" {freeze, rElec Int+5}
 47078 | Desolati | Identified the +3 shortbow "Rilitteh" {speed, rF+ SInv}
 47182 | Desolati | Identified the +9 plate armour of the Bells {Rampage rPois}
 47353 | Desolati | Identified the ring of Mosoxzio {rPois rF- AC+4 Int+4}
 47386 | Desolati | Identified the ring "Cecsidd" {EV+5 Str+5}
 47763 | Desolati | Identified the ring of Equivalence {rF+ Str+2 Int+6}
 47767 | Desolati | Identified the ring "Daagou" {rElec rF+ Will+ Slay+2}
 47799 | Desolati | Got Sif Muna's Compilation of the Summer and Impulse
 48720 | Vaults:4 | Reached XP level 22. HP: 180/192 MP: 17/34
 49515 | Slime:1  | Entered Level 1 of the Pits of Slime
 49734 | Slime:1  | Found a viscous altar of Jiyva.
 49791 | Slime:1  | You fall into a shaft and drop 1 floor!
 50704 | Slime:5  | Entered Level 5 of the Pits of Slime
 51044 | Slime:5  | Noticed the Royal Jelly
 51631 | Slime:5  | Your ally Zenata died
 51903 | Slime:5  | Killed the Royal Jelly
 51934 | Slime:5  | Your ally the Royal Jelly died
 52135 | Slime:5  | Identified the +0 acid dragon scales of Ruuwn {+Blink rN+
                  | rCorr}
 52174 | Slime:5  | Got a slimy rune of Zot
 52215 | Slime:5  | Got the Almanac of Geology
 52635 | Depths:1 | Entered Level 1 of the Depths
 52775 | Depths:1 | Found an ancient bone altar of Kikubaaqudgha.
 52939 | Depths:1 | Found a stormy altar of Qazlal.
 53099 | Depths:1 | Reached skill level 15 in Evocations
 53257 | Depths:1 | Found a one-way gate to the infinite horrors of the Abyss.
 53283 | Depths:1 | Found Wotum's Jewellery Emporium.
 53283 | Depths:1 | Found Coxecvaw's Book Boutique.
 53284 | Depths:1 | Found Onwoosio's Jewellery Emporium.
 53656 | Depths:1 | Found a gateway to Hell.
 53669 | Depths:1 | Found the +8 trishula "Condemnation" {holy, anguish, *Noise
                  | Fly rN+}
 53952 | Depths:2 | Reached XP level 23. HP: 191/199 MP: 9/35
 54001 | Depths:2 | Found Niomi's General Store.
 54013 | Depths:2 | Found a one-way gateway to a ziggurat.
 56479 | Depths:4 | Entered Level 4 of the Depths
 56876 | Depths:4 | Found a corrupted altar of Lugonu.
 56987 | Depths:4 | Identified the +5 rapier of Kijo Kom {holy, rElec Int+3}
 57287 | Depths:4 | Found a gate to the Realm of Zot.
 57581 | Depths:4 | Found a gateway to a bazaar.
 57721 | Bazaar   | Entered a bazaar
 57721 | Bazaar   | Found Xinusecu's Distillery.
 57721 | Bazaar   | Found Bailipri's General Store.
 57721 | Bazaar   | Found Acoquh's General Store.
 57723 | Bazaar   | Found Qirievom's Distillery.
 57743 | Bazaar   | Bought 2 scrolls of brand weapon for 133 gold pieces
 57743 | Bazaar   | Bought 2 potions of attraction for 42 gold pieces
 57746 | Bazaar   | Bought 2 potions of curing for 54 gold pieces
 57746 | Bazaar   | Bought a potion of might for 36 gold pieces
 57746 | Bazaar   | Bought a potion of mutation for 72 gold pieces
 57746 | Bazaar   | Bought a potion of curing for 27 gold pieces
 57746 | Bazaar   | Bought 2 potions of brilliance for 72 gold pieces
 57746 | Bazaar   | Bought a potion of mutation for 72 gold pieces
 57746 | Bazaar   | Bought a potion of magic for 72 gold pieces
 57746 | Bazaar   | Bought a potion of heal wounds for 45 gold pieces
 57772 | Bazaar   | Bought a scroll of enchant weapon for 45 gold pieces
 57772 | Bazaar   | Bought a wand of iceblast (2) for 28 gold pieces
 57772 | Bazaar   | Bought a scroll of enchant armour for 45 gold pieces
 57772 | Bazaar   | Bought a scroll of fear for 24 gold pieces
 57772 | Bazaar   | Bought a wand of iceblast (6) for 86 gold pieces
 57775 | Bazaar   | Bought a potion of haste for 100 gold pieces
 57775 | Bazaar   | Bought a potion of invisibility for 80 gold pieces
 57775 | Bazaar   | Bought a potion of curing for 30 gold pieces
 57775 | Bazaar   | Bought a potion of curing for 30 gold pieces
 57775 | Bazaar   | Bought a potion of curing for 30 gold pieces
 59198 | Zot:1    | Entered Level 1 of the Realm of Zot
 59431 | Zot:1    | Reached skill level 5 in Air Magic
 59623 | Zot:1    | Reached XP level 24. HP: 185/207 MP: 16/35
 59868 | Zot:1    | Identified the +0 pair of gloves of Impermeability {Slay+2}
 62321 | Zot:3    | Reached skill level 10 in Spellcasting
 63493 | Zot:4    | Noticed Vv
 63512 | Zot:4    | Killed Vv
 63541 | Zot:4    | Reached XP level 25. HP: 219/221 MP: 18/37
 63758 | Zot:5    | Entered Level 5 of the Realm of Zot
 63782 | Zot:5    | Noticed an orb of fire
 63784 | Zot:5    | Noticed an orb of fire
 63951 | Zot:5    | Noticed an orb of fire
 63956 | Zot:5    | Killed an orb of fire
 63963 | Zot:5    | Found a transporter.
 63968 | Zot:5    | Noticed an ancient lich
 63973 | Zot:5    | Killed an ancient lich
 63982 | Zot:5    | Found a transporter.
 64030 | Zot:5    | Noticed an ancient lich
 64031 | Zot:5    | Noticed an orb of fire
 64034 | Zot:5    | Killed an ancient lich
 64035 | Zot:5    | Noticed a Killer Klown
 64035 | Zot:5    | Killed an orb of fire
 64279 | Zot:5    | Killed a Killer Klown
 64399 | Zot:5    | Found a transporter.
 64515 | Zot:5    | Gained mutation: Your body sometimes deteriorates upon
                  | taking damage. [an orb of fire]
 64518 | Zot:5    | Gained mutation: Your flesh is very cold resistant. (rC++)
                  | [an orb of fire]
 64519 | Zot:5    | Killed an orb of fire
 64585 | Zot:5    | Noticed an orb of fire
 64589 | Zot:5    | Killed an orb of fire
 64676 | Zot:5    | Killed an orb of fire
 64734 | Zot:5    | Noticed a Killer Klown
 64743 | Zot:5    | Noticed a Killer Klown
 64744 | Zot:5    | Killed a Killer Klown
 64747 | Zot:5    | Killed a Killer Klown
 64839 | Zot:5    | Noticed an orb of fire
 64842 | Zot:5    | Killed an orb of fire
 64972 | Zot:5    | Noticed a Killer Klown
 64981 | Zot:5    | Noticed a Killer Klown
 64992 | Zot:5    | Killed a Killer Klown
 65016 | Zot:5    | Reached skill level 15 in Stealth
 65018 | Zot:5    | Killed a Killer Klown
 65035 | Zot:5    | Noticed an orb of fire
 65047 | Zot:5    | Killed an orb of fire
 65202 | Zot:5    | Identified the amulet of Maibro {Acrobat Harm rF+ rC+}
 65303 | Zot:5    | Identified the +5 scimitar "Sadoirch" {flame, *Slow rElec
                  | rCorr Stlth+}
 65509 | Zot:5    | Noticed an orb of fire
 65519 | Zot:5    | Killed an orb of fire
 65635 | Zot:5    | Noticed an orb of fire
 65641 | Zot:5    | Killed an orb of fire
 65806 | Zot:5    | Found a transporter.
 65888 | Zot:5    | Got the Orb of Zot
 66194 | Depths:1 | Noticed Linol the pandemonium lord
 66526 | D:$      | Escaped with the Orb!

Illustrated notes

Levels and vault maps discovered:
D:1:      ldierk_walled_garden_2, layout_loops_ring, serial_shops, shop
D:2:      layout_loops_ring
D:3:      layout_basic, mainiacjoe_overflow_chevrons
D:4:      black_bear_nest_1, layout_basic, mainiacjoe_overflow_paths,
          gammafunk_ghost_icy
D:5:      layout_gridville, mainiacjoe_overflow_surrounded_room
D:6:      layout_layer_cave, enter_ossuary_1, uniq_crazy_yiuf_cottage
D:7:      layout_gridville, marbit_many_paths,
          nicolae_gozag_cash_rules_everything_around_me,
          chequers_temple_overflow_statue_of_worship,
          minmay_temple_entry_enclosed_plants, serial_shops, nicolae_shop_trees
D:8:      layout_loops_corners, lemuel_coloured_pillars_altar,
          amcnicky_altar_gilded, mainiacjoe_overflow_cross_hatched,
          dpeg_oklobed_lair, eino_jars
D:9:      layout_basic, kennysheep_orc_monster_closet_entryway, enter_bailey_2,
          uniq_prince_ribbit1
D:10:     gammafunk_indiana_jones, layout_irregular_city,
          mainiacjoe_overflow_brackets, minmay_lindwurm_lava, uniq_grum
D:11:     layout_roguey, nicolae_shop_unique_rings, uniq_erica
D:12:     layout_loops_corners, uniq_maurice, uniq_nessos
D:13:     layout_cave_pools, lightli_vaults_fourway_checkpoint
D:14:     layout_irregular_city, minmay_staircase_windowed_small,
          kennysheep_generic_room_5, uniq_josephine, uniq_roxanne
D:15:     hangedman_depths_entry_try_elsewhere_first, layout_cave_pools,
          grunt_decor_resistance, grunt_ministairs_12, uniq_louise, uniq_rupert,
          uniq_jorgrun
Temple:   chequers_temple_sunken
Lair:1:   layout_cave_pods
Lair:2:   layout_concentric_octagons, swamp_mist, eino_house_with_fridge,
          grunt_megastairs_4, lemuel_fruit_tree
Lair:3:   minmay_lair_oklob_chamber, layout_regular_city,
          spider_nest_entry_rubble, gauntlet_entry_generic, uniq_urug
Lair:4:   layout_regular_city
Lair:5:   evilmike_catoblepas_cave, layout_long_grid, slime_entry_1,
          amcnicky_mini_pool_medium
Swamp:1:  layout_basic_swamp, evilmike_swamp_ruin_house_2
Swamp:2:  layout_basic_swamp, evilmike_swamp_ruin_house_3, uniq_nikola
Swamp:3:  layout_falls_marsh, evilmike_swamp_ruin_house_4
Swamp:4:  swamp_vile, layout_basic_swamp, swamp_pool3,
          nicolae_swamp_necromancer_hut, infiniplex_staircase_pool, uniq_kirke,
          uniq_bai_suzhen
Spider:1: layout_spider_delve, uniq_donald
Spider:2: layout_cave_pods, special_room
Spider:3: layout_chambers, nicolae_spider_rock_and_or_roll, uniq_aizul,
          uniq_arachne
Spider:4: guppyfry_spider_rune
Slime:1:  layout_caves, basic_altar
Slime:2:  layout_caves
Slime:3:  layout_caves
Slime:4:  layout_caves, nicolae_slime_rock_hall_of_fame
Slime:5
Orc:1:    layout_diamond_mine
Orc:2:    pf_orc_diabolical, layout_caves, portal_ice_cave_rime, serial_shops,
          nicolae_square_shop
Elf:1:    elf_arrival_002, layout_geoelf_diagonals, serial_glass,
          glass_columns_a, glass_columns_a, gammafunk_ghost_berserking_beasts,
          minmay_elf_necromancy
Elf:2:    nicolae_elf_blades_crystal_corner, layout_onion_city, serial_shops,
          nicolae_shop_hallway_stairs
Elf:3:    minmay_elf_hall_not_hex, layout_loops_corners, serial_shops, shop,
          grunt_ministairs_11, nicolae_elf_altarnating
Vaults:1: hangedman_vaults_impose, grunt_vaults_funnel, v_misc_15,
          ontoclasm_vaults_claustrophobia, nicolae_vaults_network_periphery,
          nicolae_vaults_big_angled_halls, nicolae_vaults_mini_display_case,
          nicolae_vaults_big_ls, dpeg_vaults_pockets_of_resistance,
          vaults_mumra_minichess, vaults_room_door_hall,
          nicolae_vaults_shelves_hall, v_alt_pattern_4,
          layout_vaults_maze_snakey, uniq_zenata
Vaults:2: v_misc_5, nicolae_vaults_alarming, minmay_crypt_entry_simple_statues,
          v_misc_11, ontoclasm_vaults_loading_screen, nicolae_vaults_rhombus_5,
          v_misc_14, grunt_vaults_focal, vaults_room_stairs_pillars,
          layout_vaults_quadrants
Vaults:3: vaults_mumra_hexcomb, ontoclasm_vaults_ring_small,
          vaults_room_hallway, nicolae_vaults_little_squares_4,
          ontoclasm_vaults_loading_screen, v_misc_5, vaults_room_corners,
          hangedman_vaults_stagger, st_spiral_rooms, ontoclasm_vaults_twist,
          layout_vaults_big_room, serial_shops, nicolae_shop_waterfront
Vaults:4: portal_desolation_entry_holy_temple, hangedman_vaults_river_flow,
          v_misc_4, nicolae_vaults_angled_halls, vaults_room_hallway,
          v_pattern_1, hangedman_vaults_nails, nicolae_vaults_asterisk,
          vaults_room_door_hall, st_cells, nicolae_vaults_puzzle_piece,
          v_misc_8, layout_vaults_omnibox, serial_shops, shop
Depths:1: layout_cave_shapes, kiku_gazebo_garden_becter, pan_entry, hellmouth_2,
          abyss_entry, nicolae_qazlal_eye_of_the_storm, minmay_shop_grove
Depths:2: minmay_bloctagon_deflated, layout_basic, enter_ziggurat_a,
          serial_shops, nicolae_shop_window_shopping, hell_entry,
          rand_demon_pan_entry_7, nicolae_hexahallways, serial_bayou_shore_a,
          serial_bayou_shore_b
Depths:3: dreamdust_merry_men, layout_honeycomb, grunt_pan_entry_zigzag,
          grunt_hell_entry_dis_old, abyss_entry, serial_bayou,
          serial_bayou_lagoon_b, serial_bayou_crossing, serial_bayou_lake_a,
          serial_bayou_pond_a, hangedman_decor_opposing, lemuel_nasty_fountain
Depths:4: grunt_bruiser_brothers, layout_basic, serial_shops, bzr_in_the_mist,
          pan_entry, dk_noncrumbling_2, abyss_entry_flame_altar,
          pf_hell_entry_tar_spiral, hangedman_research_thanatology
Zot:1:    layout_gridlike
Zot:2:    layout_basic, amethyst_zot_foddershock
Zot:3:    layout_misc_corridors, hangedman_zot_decor_slant, grunt_megastairs_1
Zot:4:    layout_concentric_octagons, uniq_vv, uniq_grunn
Zot:5:    layout_misc_corridors, nicolae_transporter_intersection

Skill      XL: |  1  2  3  4  5  6  7  8  9 10 11 12 13 14 15 16 17 18 19 20 21 22 23 24 25 |
---------------+----------------------------------------------------------------------------+-----
Long Blades    | 3 4 5 6 7 9 11 14 15 16 17 18 20 22 | 22.6
Stealth        | 1 5 6 8 10 11 13 15 | 15.0
Translocations | 4 8 10 12 14 15 17 18 20 21 22 | 22.9
Fighting       | 3 6 9 10 12 13 14 15 17 19 | 19.1
Dodging        | 4 7 10 11 13 14 15 | 15.0
Spellcasting   | 4 5 7 8 10 | 10.0
Invocations    | 2 7 10 12 13 14 15 | 15.0
Evocations     | 2 7 8 9 11 13 15 16 | 16.0
Air Magic      | 4 5 6 |  6.0
Shields        | 2 5 8 |  8.1
Throwing       | |  0.8

Action                   |  1- 3 |  4- 6 |  7- 9 | 10-12 | 13-15 | 16-18 | 19-21 | 22-24 | 25-27 || total
-------------------------+-------+-------+-------+-------+-------+-------+-------+-------+-------++-------
Melee: Falchion          |   175 |       |       |       |       |       |       |       |       ||   175
       Tailslap          |    22 |    12 |    53 |    60 |    87 |    91 |    37 |    90 |    11 ||   463
       Punch             |     2 |       |     5 |     8 |     7 |     8 |       |       |       ||    30
       Hand axe          |     3 |    21 |       |       |       |       |       |       |       ||    24
       Demon blade       |       |    86 |   377 |   706 |  1335 |  1612 |       |       |       ||  4116
       Scimitar          |       |       |       |       |    61 |    12 |       |       |       ||    73
       Double sword      |       |       |       |       |       |   529 |  1703 |  1534 |       ||  3766
       Triple sword      |       |       |       |       |       |       |       |   433 |   300 ||   733
Throw: Stone             |    33 |    19 |    18 |       |       |       |       |       |       ||    70
       Boomerang         |     5 |       |     3 |     1 |       |       |       |       |       ||     9
       Dart              |       |     2 |     2 |    13 |     2 |       |       |       |       ||    19
       Javelin           |       |       |       |       |       |       |       |     1 |       ||     1
       Throwing net      |       |       |       |       |       |       |       |     1 |       ||     1
 Cast: Manifold Assault  |       |       |       |   130 |   590 |  1041 |   930 |  1010 |   189 ||  3890
       Blink             |       |       |       |       |       |     1 |       |       |       ||     1
       Vhi's Electric Ch |       |       |       |       |       |       |     3 |       |     4 ||     7
       Apportation       |       |       |       |       |       |       |     3 |       |       ||     3
       Dispersal         |       |       |       |       |       |       |       |     3 |       ||     3
Invok: Recall Undead Har |       |       |       |     3 |    12 |    14 |    20 |     6 |     2 ||    57
       Dark Bargain      |       |       |       |       |     1 |       |       |     2 |       ||     3
       Bind Soul         |       |       |       |       |     2 |       |     2 |     3 |       ||     7
 Abil: Breathe Frost     |       |       |     6 |     3 |     1 |       |       |       |       ||    10
Evoke: Wand              |       |       |     1 |     5 |     1 |       |       |     5 |     3 ||    15
       Phantom mirror    |       |       |       |     1 |     1 |     4 |       |     2 |       ||     8
       Phial of floods   |       |       |       |       |       |       |     1 |       |       ||     1
       Tin of tremorston |       |       |       |       |       |       |       |     2 |       ||     2
       Box of beasts     |       |       |       |       |       |       |       |     4 |     1 ||     5
       Condenser vane    |       |       |       |       |       |       |       |     1 |     1 ||     2
  Use: Scroll            |     2 |     6 |    11 |     2 |     8 |     5 |     4 |    20 |     1 ||    59
       Potion            |       |     1 |       |     2 |     2 |     1 |     4 |     8 |     2 ||    20
 Stab: Sleeping          |       |     1 |     8 |     1 |     1 |     2 |     2 |     2 |       ||    17
       Distracted        |       |       |       |     3 |     7 |     6 |     6 |     6 |       ||    28
       Invisible         |       |       |       |     2 |       |       |       |       |       ||     2
       Petrified         |       |       |       |       |    40 |    68 |     8 |       |       ||   116
       Petrifying        |       |       |       |       |     1 |     8 |     2 |       |       ||    11
Armor: Skin              |    44 |    40 |    62 |   116 |   124 |   213 |    71 |   168 |    26 ||   864
Dodge: Dodged            |   108 |    55 |   157 |   267 |   255 |   373 |   199 |   435 |    64 ||  1913
Block: Other             |       |       |    37 |    97 |       |       |       |       |       ||   134
       Reflection        |       |       |     1 |     3 |       |       |       |       |       ||     4
       Buckler           |       |       |       |       |       |       |    67 |   140 |       ||   207

Table legend: (Time is in decaauts)
 A = Elapsed time spent in this place.
 B = Non-inter-level travel time spent in this place.
 C = Inter-level travel time spent in this place.
 D = Time resting spent in this place.
 E = Time spent auto-exploring this place.
 F = Levels seen in this place.
 G = Mean time per level.
                   A        B        C        D        E       F      G
               +--------+--------+--------+--------+--------+-----+--------+
         Total |  65264 |  58552 |   6712 |   9991 |  35224 |  58 | 1125.2 |
       Dungeon |  19405 |  16589 |   2816 |   3606 |   9234 |  15 | 1293.7 |
        Temple |    223 |    192 |     31 |      0 |    186 |   1 |  223.0 |
          Lair |   6899 |   6063 |    836 |    784 |   3934 |   5 | 1379.8 |
         Swamp |   3211 |   3078 |    133 |    680 |   1710 |   4 |  802.8 |
   Spider Nest |   4435 |   4243 |    192 |    552 |   2915 |   4 | 1108.8 |
    Slime Pits |   2750 |   2551 |    199 |    914 |    913 |   5 |  550.0 |
  Orcish Mines |   1743 |   1481 |    262 |    170 |    877 |   2 |  871.5 |
   Elven Halls |   4793 |   4345 |    448 |    811 |   2635 |   3 | 1597.7 |
        Vaults |   5936 |   5242 |    694 |    275 |   3930 |   4 | 1484.0 |
        Depths |   5759 |   5058 |    701 |    221 |   3911 |   4 | 1439.8 |
           Zot |   6752 |   6355 |    397 |   1601 |   3437 |   5 | 1350.4 |
        Bazaar |     63 |     63 |      0 |      0 |     50 |   1 |   63.0 |
       Ossuary |    334 |    334 |      0 |      0 |    168 |   1 |  334.0 |
        Bailey |    393 |    393 |      0 |     75 |     59 |   1 |  393.0 |
      Ice Cave |    667 |    667 |      0 |    187 |    270 |   1 |  667.0 |
    Desolation |   1221 |   1221 |      0 |    111 |    675 |   1 | 1221.0 |
      Gauntlet |    675 |    675 |      0 |      0 |    318 |   1 |  675.0 |
               +--------+--------+--------+--------+--------+-----+--------+

Top non-repeatable levels by time:
    D:10: 2525 daAuts
Vaults:1: 2212 daAuts
     D:4: 1998 daAuts
   Zot:5: 1890 daAuts
    D:12: 1858 daAuts
   Elf:3: 1838 daAuts
   Elf:2: 1792 daAuts
  Lair:2: 1631 daAuts
Depths:4: 1627 daAuts
Depths:3: 1608 daAuts
   Zot:2: 1513 daAuts
     D:8: 1512 daAuts
Depths:2: 1434 daAuts
  Lair:3: 1433 daAuts
    D:11: 1396 daAuts
